TOP OF THE 1ST |
Mobile BayBears batting - Pitching for Pensacola Blue Wahoos : LHP Mark Sandoval
|
Pitching: LHP Mark Sandoval
|
|
Batting: RHB Carlos Ballesteros
|
0-0: Swinging Strike 0-1: Foul Ball, location: 2F 0-2: Ball 1-2: Foul Ball, location: 2F 1-2: Foul Ball, location: 2F 1-2: Ball 2-2: Ball 3-2: Base on Balls
|
Batting: LHB Soo-yeon Kym
|
0-0: SINGLE (Groundball, 6MD, EV 98.8 MPH) Carlos Ballesteros to second
|
Batting: RHB Josh Burrows
|
0-0: SINGLE (Line Drive, 34D, EV 94.4 MPH) Carlos Ballesteros to third Soo-yeon Kym to second Runner from 3rd tries for Home, SAFE, throw by RF to home
|
Batting: RHB Will Washburn
|
0-0: Foul Ball, location: 2F 0-1: Foul Ball, location: 2F 0-2: Foul Ball, location: 2F 0-2: Strikes out swinging
|
Batting: RHB Curt Barrett
|
0-0: DOUBLE (Line Drive, 8LXD, EV 110.0 MPH) Soo-yeon Kym scores Josh Burrows to third
|
Batting: RHB Paul Schreiber
|
0-0: Ball 1-0: Ball 2-0: Foul Ball, location: 2F 2-1: Ball 3-1: Foul Ball, location: 2F 3-2: Foul Ball, location: 2F 3-2: Foul Ball, location: 2F 3-2: Strikes out swinging
|
Batting: RHB Jeremy Adams
|
0-0: Ball 1-0: Ball 2-0: Called Strike 2-1: Ball 3-1: Base on Balls
|
Batting: RHB Franklin Villanueva
|
0-0: SINGLE (Groundball, 34D, EV 98.1 MPH) Josh Burrows scores Curt Barrett to third Jeremy Adams to second Runner from 3rd tries for Home, throw by RF and OUT! 9-2
|
Top of the 1st over - 3 runs, 4 hits, 0 errors, 2 left on base; Mobile 3 - Pensacola 0 |
BOTTOM OF THE 1ST |
Pensacola Blue Wahoos batting - Pitching for Mobile BayBears : RHP Sipi Mäkitie
|
Pitching: RHP Sipi Mäkitie
|
|
Now at SS: Ben Alspach
|
|
Batting: RHB Sang-ton Pak
|
0-0: Called Strike 0-1: Foul Ball, location: 2F 0-2: Strikes out swinging
|
Batting: LHB Phil Lomax
|
0-0: Ball 1-0: Ball 2-0: Called Strike 2-1: Ball 3-1: Foul Ball, location: 2F 3-2: Foul Ball, location: 2F 3-2: Strikes out swinging
|
Batting: RHB Jordan Torres
|
0-0: Swinging Strike 0-1: Ball 1-1: Ball 2-1: Fly out, F6 (Popup, 15S, EV 92.5 MPH)
|
Bottom of the 1st over - 0 runs, 0 hits, 0 errors, 0 left on base; Mobile 3 - Pensacola 0 |
TOP OF THE 2ND |
Mobile BayBears batting - Pitching for Pensacola Blue Wahoos : LHP Mark Sandoval
|
Batting: SHB Ed Vargas
|
0-0: Foul Ball, location: 2F 0-1: Foul Ball, location: 2F 0-2: Ball 1-2: Foul Ball, location: 2F 1-2: Strikes out swinging
|
Batting: RHB Ben Alspach
|
0-0: Ball 1-0: Foul Ball, location: 2F 1-1: Foul Ball, location: 2F 1-2: Ball 2-2: Strikes out swinging
|
Batting: LHB Soo-yeon Kym
|
0-0: Foul Ball, location: 2F 0-1: Foul Ball, location: 2F 0-2: Fly out, F8 (Flyball, 78M, EV 88.8 MPH)
|
Top of the 2nd over - 0 runs, 0 hits, 0 errors, 0 left on base; Mobile 3 - Pensacola 0 |
BOTTOM OF THE 2ND |
Pensacola Blue Wahoos batting - Pitching for Mobile BayBears : RHP Sipi Mäkitie
|
Batting: LHB Brian Snyder
|
0-0: Ground out 6-3 (Groundball, 4M, EV 100.6 MPH)
|
Batting: RHB Dave Ruiz
|
0-0: Called Strike 0-1: Called Strike 0-2: Strikes out swinging
|
Batting: RHB Steve Hansen
|
0-0: Ball 1-0: Called Strike 1-1: Ground out 5-3 (Groundball, 56, EV 100.6 MPH)
|
Bottom of the 2nd over - 0 runs, 0 hits, 0 errors, 0 left on base; Mobile 3 - Pensacola 0 |
TOP OF THE 3RD |
Mobile BayBears batting - Pitching for Pensacola Blue Wahoos : LHP Mark Sandoval
|
Batting: RHB Josh Burrows
|
0-0: Ball 1-0: Ball 2-0: Called Strike 2-1: Ball 3-1: Called Strike 3-2: Base on Balls
|
Batting: RHB Will Washburn
|
0-0: Swinging Strike 0-1: Foul Ball, location: 2F 0-2: Hit by Pitch Josh Burrows to second
|
Batting: RHB Curt Barrett
|
0-0: Called Strike 0-1: Grounds into double play, 3-6-3 (Groundball, 3, EV 79.4 MPH) Josh Burrows to third
|
Batting: RHB Paul Schreiber
|
0-0: Fly out, F9 (Flyball, 9LM, EV 83.1 MPH)
|
Top of the 3rd over - 0 runs, 0 hits, 0 errors, 1 left on base; Mobile 3 - Pensacola 0 |
BOTTOM OF THE 3RD |
Pensacola Blue Wahoos batting - Pitching for Mobile BayBears : RHP Sipi Mäkitie
|
Batting: RHB Pat Mage
|
0-0: Foul Ball, location: 2F 0-1: Foul Ball, location: 2F 0-2: Strikes out swinging
|
Batting: RHB Joe Kooyers
|
0-0: Called Strike 0-1: Ball 1-1: Foul Ball, location: 2F 1-2: Ball 2-2: Foul Ball, location: 2F 2-2: Strikes out looking
|
Batting: RHB Matt Silva
|
0-0: Ball 1-0: Ball 2-0: Called Strike 2-1: Ball 3-1: SINGLE (Line Drive, 56, EV 94.4 MPH)
|
Batting: RHB Sang-ton Pak
|
0-0: Ball 1-0: Called Strike 1-1: Fly out, F8 (Flyball, 78D, EV 92.5 MPH)
|
Bottom of the 3rd over - 0 runs, 1 hit, 0 errors, 1 left on base; Mobile 3 - Pensacola 0 |
TOP OF THE 4TH |
Mobile BayBears batting - Pitching for Pensacola Blue Wahoos : LHP Mark Sandoval
|
Batting: RHB Jeremy Adams
|
0-0: Ball 1-0: Ball 2-0: Foul Ball, location: 2F 2-1: Foul Ball, location: 2F 2-2: Ball 3-2: SOLO HOME RUN (Flyball, 7D, EV 98.1 MPH), Distance : 368 ft
|
Batting: RHB Franklin Villanueva
|
0-0: Called Strike 0-1: Swinging Strike 0-2: Ball 1-2: Foul Ball, location: 2F 1-2: Foul Ball, location: 2F 1-2: Foul Ball, location: 2F 1-2: Strikes out swinging
|
Batting: SHB Ed Vargas
|
0-0: SINGLE (Flyball, 89S, EV 87.5 MPH)
|
Batting: RHB Ben Alspach
|
0-0: Called Strike 0-1: Ball 1-1: Ball 2-1: Fly out, F8 (Flyball, 8LD, EV 106.2 MPH)
|
Batting: LHB Soo-yeon Kym
|
0-0: Called Strike 0-1: Foul Ball, location: 2F 0-2: Ball 1-2: Ball 2-2: Foul Ball, location: 2F 2-2: Ball 3-2: Foul Ball, location: 2F 3-2: SINGLE (Line Drive, 34D, EV 108.1 MPH) Ed Vargas to second Ed Vargas to third
|
Batting: RHB Josh Burrows
|
0-0: Foul Ball, location: 2F 0-1: SINGLE (Flyball, 6D, EV 92.5 MPH) Ed Vargas scores Soo-yeon Kym to second
|
Pitching: RHP Dave Hammertime
|
|
Batting: RHB Will Washburn
|
0-0: Called Strike 0-1: Ball 1-1: Ball 2-1: SINGLE (Line Drive, 89S, EV 103.8 MPH) Soo-yeon Kym to third Josh Burrows to second Runner from 3rd tries for Home, SAFE, throw by CF to home
|
Batting: RHB Curt Barrett
|
0-0: Foul Ball, location: 2F 0-1: Ball 1-1: Fly out, F8 (Flyball, 89D, EV 90.0 MPH)
|
Top of the 4th over - 3 runs, 5 hits, 0 errors, 2 left on base; Mobile 6 - Pensacola 0 |
BOTTOM OF THE 4TH |
Pensacola Blue Wahoos batting - Pitching for Mobile BayBears : RHP Sipi Mäkitie
|
Batting: LHB Phil Lomax
|
0-0: Called Strike 0-1: Swinging Strike 0-2: Ground out 6-3 (Groundball, 56, EV 83.8 MPH)
|
Batting: RHB Jordan Torres
|
0-0: Called Strike 0-1: Called Strike 0-2: Foul Ball, location: 2F 0-2: Strikes out swinging
|
Batting: LHB Brian Snyder
|
0-0: Ball 1-0: Ball 2-0: Called Strike 2-1: Foul Ball, location: 2F 2-2: Ground out 4-3 (Groundball, 4, EV 105.6 MPH)
|
Bottom of the 4th over - 0 runs, 0 hits, 0 errors, 0 left on base; Mobile 6 - Pensacola 0 |
TOP OF THE 5TH |
Mobile BayBears batting - Pitching for Pensacola Blue Wahoos : RHP Dave Hammertime
|
Batting: RHB Paul Schreiber
|
0-0: Called Strike 0-1: Ball 1-1: Called Strike 1-2: SINGLE (Groundball, 6MS, EV 71.9 MPH) (infield hit)
|
Batting: RHB Jeremy Adams
|
0-0: Foul Ball, location: 2F 0-1: Grounds into double play, 6-4-3 (Groundball, 6, EV 87.5 MPH)
|
Batting: RHB Franklin Villanueva
|
0-0: Called Strike 0-1: Ball 1-1: SINGLE (Line Drive, 78S, EV 90.0 MPH)
|
Batting: SHB Ed Vargas
|
0-0: Ball 1-0: Ball 2-0: Called Strike 2-1: Foul Ball, location: 2F 2-2: Ball 3-2: Fly out, F7 (Flyball, 7, EV 89.4 MPH)
|
Top of the 5th over - 0 runs, 2 hits, 0 errors, 1 left on base; Mobile 6 - Pensacola 0 |
BOTTOM OF THE 5TH |
Pensacola Blue Wahoos batting - Pitching for Mobile BayBears : RHP Sipi Mäkitie
|
Batting: RHB Dave Ruiz
|
0-0: Ball 1-0: Ball 2-0: Swinging Strike 2-1: Foul Ball, location: 2F 2-2: Strikes out swinging
|
Batting: RHB Steve Hansen
|
0-0: Called Strike 0-1: Swinging Strike 0-2: Foul Ball, location: 2F 0-2: Ball 1-2: Ball 2-2: Ball 3-2: SINGLE (Groundball, P, EV 82.5 MPH) (infield hit)
|
Batting: RHB Pat Mage
|
0-0: Fielders Choice at 2nd, 6-4 (Groundball, 6, EV 90.0 MPH)
|
Batting: RHB Joe Kooyers
|
0-0: Ball 1-0: Called Strike 1-1: Called Strike 1-2: Fly out, F4 (Line Drive, 4M, EV 62.5 MPH)
|
Bottom of the 5th over - 0 runs, 1 hit, 0 errors, 1 left on base; Mobile 6 - Pensacola 0 |
TOP OF THE 6TH |
Mobile BayBears batting - Pitching for Pensacola Blue Wahoos : RHP Dave Hammertime
|
Batting: RHB Ben Alspach
|
0-0: SINGLE (Line Drive, 8RS, EV 90.0 MPH)
|
Batting: LHB Soo-yeon Kym
|
0-0: Ball 1-0: Ball 2-0: Fly out, F8 (Flyball, 89M, EV 83.8 MPH)
|
Batting: RHB Josh Burrows
|
0-0: Ball 1-0: Ball 2-0: Ball 3-0: Called Strike 3-1: SINGLE (Groundball, 6MD, EV 95.6 MPH) Ben Alspach to second
|
Batting: RHB Will Washburn
|
0-0: Swinging Strike 0-1: Ball 1-1: Swinging Strike 1-2: Ball 2-2: Foul Ball, location: 2F 2-2: Strikes out swinging
|
Batting: RHB Curt Barrett
|
0-0: Ball 1-0: Called Strike 1-1: Foul Ball, location: 2F 1-2: Ball 2-2: Ball 3-2: Base on Balls Ben Alspach to third Josh Burrows to second
|
Batting: RHB Paul Schreiber
|
0-0: Called Strike 0-1: Ground out 3-1 (Groundball, 34S, EV 93.1 MPH)
|
Top of the 6th over - 0 runs, 2 hits, 0 errors, 3 left on base; Mobile 6 - Pensacola 0 |
BOTTOM OF THE 6TH |
Pensacola Blue Wahoos batting - Pitching for Mobile BayBears : RHP Sipi Mäkitie
|
Batting: RHB Matt Silva
|
0-0: Foul Ball, location: 2F 0-1: Called Strike 0-2: Foul Ball, location: 2F 0-2: Strikes out looking
|
Batting: RHB Sang-ton Pak
|
0-0: Ball 1-0: Ball 2-0: Fly out, F6 (Popup, 56, EV 79.4 MPH)
|
Batting: LHB Phil Lomax
|
0-0: Ball 1-0: Called Strike 1-1: Ball 2-1: Foul Ball, location: 2F 2-2: Ball 3-2: Strikes out swinging
|
Bottom of the 6th over - 0 runs, 0 hits, 0 errors, 0 left on base; Mobile 6 - Pensacola 0 |
TOP OF THE 7TH |
Mobile BayBears batting - Pitching for Pensacola Blue Wahoos : RHP Dave Hammertime
|
Batting: RHB Jeremy Adams
|
0-0: Ball 1-0: Ground out 6-3 (Groundball, 6, EV 86.2 MPH)
|
Batting: RHB Franklin Villanueva
|
0-0: Ball 1-0: Called Strike 1-1: SINGLE (Flyball, 8LS, EV 85.6 MPH)
|
Pitching: LHP Bob Hale
|
|
Batting: SHB Ed Vargas
|
0-0: Called Strike 0-1: Swinging Strike 0-2: Strikes out swinging
|
Batting: RHB Ben Alspach
|
0-0: Ball 1-0: Foul Ball, location: 2F 1-1: Swinging Strike 1-2: Ball 2-2: Strikes out swinging
|
Top of the 7th over - 0 runs, 1 hit, 0 errors, 1 left on base; Mobile 6 - Pensacola 0 |
BOTTOM OF THE 7TH |
Pensacola Blue Wahoos batting - Pitching for Mobile BayBears : RHP Sipi Mäkitie
|
Batting: RHB Jordan Torres
|
0-0: Ground out 1-3 (Groundball, 13, EV 68.8 MPH)
|
Batting: LHB Brian Snyder
|
0-0: Called Strike 0-1: SINGLE (Line Drive, 4MD, EV 98.8 MPH)
|
Batting: RHB Dave Ruiz
|
0-0: Called Strike 0-1: Ball 1-1: Ball 2-1: Fielders Choice at 2nd, 1-6 (Groundball, 13S, EV 64.4 MPH)
|
Batting: RHB Steve Hansen
|
0-0: Called Strike 0-1: Foul Ball, location: 2F 0-2: Ball 1-2: Ball 2-2: Foul Ball, location: 2F 2-2: Ball 3-2: Ground out 6-3 (Groundball, 6, EV 102.5 MPH)
|
Bottom of the 7th over - 0 runs, 1 hit, 0 errors, 1 left on base; Mobile 6 - Pensacola 0 |
TOP OF THE 8TH |
Mobile BayBears batting - Pitching for Pensacola Blue Wahoos : LHP Bob Hale
|
Batting: LHB Soo-yeon Kym
|
0-0: Ball 1-0: Foul Ball, location: 2F 1-1: Swinging Strike 1-2: Ball 2-2: SINGLE (Line Drive, 7S, EV 96.9 MPH)
|
Batting: RHB Josh Burrows
|
0-0: Ball 1-0: Swinging Strike 1-1: Foul Ball, location: 2F 1-2: Strikes out swinging
|
Batting: RHB Will Washburn
|
0-0: Called Strike 0-1: Ball 1-1: Swinging Strike 1-2: Strikes out swinging
|
Batting: RHB Curt Barrett
|
0-0: DOUBLE (Groundball, 3D, EV 100.6 MPH) Soo-yeon Kym to third
|
Batting: RHB Paul Schreiber
|
0-0: Called Strike 0-1: Ball 1-1: Foul Ball, location: 2F 1-2: Strikes out swinging
|
Top of the 8th over - 0 runs, 2 hits, 0 errors, 2 left on base; Mobile 6 - Pensacola 0 |
BOTTOM OF THE 8TH |
Pensacola Blue Wahoos batting - Pitching for Mobile BayBears : RHP Sipi Mäkitie
|
Batting: RHB Pat Mage
|
0-0: Ground out 5-3 (Groundball, 56, EV 90.0 MPH)
|
Batting: RHB Joe Kooyers
|
0-0: Called Strike 0-1: Ball 1-1: Swinging Strike 1-2: Ball 2-2: Fly out, F9 (Flyball, 89M, EV 86.9 MPH)
|
Batting: RHB Matt Silva
|
0-0: SINGLE (Groundball, 6MD, EV 97.5 MPH)
|
Pitching: RHP Ming-feng Pi
|
|
Batting: RHB Sang-ton Pak
|
0-0: SINGLE (Groundball, 6MD, EV 103.8 MPH) Matt Silva to second Runner from 2nd tries for 3rd, SAFE, throw by CF made to third Sang-ton Pak to second
|
Batting: LHB Phil Lomax
|
0-0: Ground out 5-3 (Groundball, 56S, EV 65.6 MPH)
|
Bottom of the 8th over - 0 runs, 2 hits, 0 errors, 2 left on base; Mobile 6 - Pensacola 0 |
TOP OF THE 9TH |
Mobile BayBears batting - Pitching for Pensacola Blue Wahoos : LHP Bob Hale
|
Batting: RHB Jeremy Adams
|
0-0: Ball 1-0: Called Strike 1-1: Fly out, F3 (Popup, 3L, EV 75.0 MPH)
|
Batting: RHB Franklin Villanueva
|
0-0: Swinging Strike 0-1: Ball 1-1: Ball 2-1: Ball 3-1: Base on Balls
|
Batting: SHB Ed Vargas
|
0-0: Ball 1-0: Called Strike 1-1: SINGLE (Groundball, 6MD, EV 107.5 MPH) Franklin Villanueva to second Runner from 2nd tries for 3rd, SAFE, throw by CF made to third Ed Vargas to second
|
Pitching: LHP Omar Guardado
|
|
Batting: RHB Ben Alspach
|
0-0: Called Strike 0-1: Ball 1-1: Ball 2-1: Ball 3-1: Called Strike 3-2: Foul Ball, location: 2F 3-2: Strikes out swinging
|
Batting: LHB Soo-yeon Kym
|
0-0: Ball 1-0: Called Strike 1-1: Ball 2-1: Fly out, F8 (Flyball, 8LS, EV 93.1 MPH)
|
Top of the 9th over - 0 runs, 1 hit, 0 errors, 2 left on base; Mobile 6 - Pensacola 0 |
BOTTOM OF THE 9TH |
Pensacola Blue Wahoos batting - Pitching for Mobile BayBears : RHP Ming-feng Pi
|
Batting: RHB Jordan Torres
|
0-0: Foul Ball, location: 2F 0-1: Fly out, F7 (Line Drive, 7S, EV 93.1 MPH)
|
Batting: LHB Brian Snyder
|
0-0: Called Strike 0-1: Called Strike 0-2: Ball 1-2: Strikes out swinging
|
Batting: RHB Dave Ruiz
|
0-0: Ball 1-0: Called Strike 1-1: Ground out 5-3 (Groundball, 5, EV 86.2 MPH)
|
Bottom of the 9th over - 0 runs, 0 hits, 0 errors, 0 left on base; Mobile 6 - Pensacola 0 |
|